cohdb
Replays
Latest Replays
All Replays
Popular Replays
Top Player Replays
Match Explorer
How It Works
Community
CoH3 Stats
Reddit
Sign in to upload your games and track your stats! →
Sign in with Steam
Match 44835182
Unlisted
Match 44835182
Overview
Messages
Build Orders
End
Construct Infanterie Kompanie
MG 42 Machine Gun Team
MG 42 Machine Gun Team
Grenadier Squad
Grenadier Squad
Construct Luftwaffe Kompanie
Support Elements
Selects Breakthrough Battlegroup
Selects Assault Grenadiers
Selects 2.5-tonne Cargo Truck
2.5-tonne Cargo Truck
Wirbelwind Flakpanzer
Dragon_Man
-=Thrawn=-
[ЯΞПΞGΔ2]DRAGO
SezearIQ
塔露rua
喜欢框A框T,激发队友潜力
LilaS
wula
0
0
Comments
sign in to comment!
No comments posted yet!